 Dungeon Crawl Stone Soup version 0.31-a0-640-g39d97e502b (webtiles) character file.

Game seed: 3584150763890399054

24428 Conn the Eclecticist (level 12, -1/64 HPs)
             Began as a Deep Elf Fire Elementalist on Aug 28, 2023.
             Was an Elder of Sif Muna.
             Slain by an ettin
             ... wielding a +0 dire flail
              (38 damage)
             ... on level 1 of the Orcish Mines.
             The game lasted 00:54:30 (16310 turns).

Conn the Eclecticist (Deep Elf Fire Elementalist)  Turns: 16310, Time: 00:54:30

Health: -1/64      AC: 11    Str:  5    XL:     12   Next: 80%
Magic:  16/44      EV: 14    Int: 26    God:    Sif Muna [****..]
Gold:   1558       SH:  0    Dex: 15    Spells: 19/45 levels left

rFire   + . .        a - staff of fire
rCold   . . .        (no shield)
rNeg    . . .        f - +0 robe
rPois   +            K - +1 hat
rElec   .            H - +2 cloak
rCorr   .            Q - +2 pair of gloves
SInv    .            y - +1 pair of boots
Will    +....        P - amulet of the acrobat
Stlth   ++           v - ring of magical power
HPRegen 0.30/turn    z - ring of poison resistance
MPRegen 0.29/turn

%: acrobat
@: no status effects
A: no striking features
a: Renounce Religion, Channel Magic, Forget Spell, Divine Exegesis


You were on level 1 of the Orcish Mines.
You worshipped Sif Muna.
Sif Muna was greatly pleased with you.
You visited 4 branches of the dungeon, and saw 16 of its levels.

You collected 2060 gold pieces.
You spent 502 gold pieces at shops.

Inventory:

Hand Weapons
 b - a +1 mace of protection
 d - a +0 dagger
 n - a +2 heavy spear
 s - a +2 short sword of electrocution
Missiles
 e - 10 javelins
 m - 2 throwing nets
Armour
 f - a +0 robe (worn)
 y - a +1 pair of boots (worn)
 A - an orb of light
 H - a +2 cloak (worn)
 K - a +1 hat (worn)
 Q - a +2 pair of gloves (worn)
Magical Staves
 a - a staff of fire (weapon)
 q - a staff of air
 D - a staff of cold
Jewellery
 j - a ring of magical power
 r - a ring of flight
 v - a ring of magical power (left hand)
 z - a ring of poison resistance (right hand)
 C - a ring of protection from fire
 J - a +6 ring of strength
 P - an amulet of the acrobat (around neck)
Wands
 u - a wand of polymorph (13)
 I - a wand of roots (13)
 O - a wand of flame (15)
 U - a wand of light (5)
Scrolls
 c - 6 scrolls of amnesia
 g - 2 scrolls of poison
 k - a scroll of enchant weapon
 t - 2 scrolls of revelation
 w - 3 scrolls of teleportation
 x - 3 scrolls of vulnerability
 M - 2 scrolls of blinking
 R - a scroll of fog
 S - a scroll of fear
Potions
 h - a potion of haste
 i - 2 potions of enlightenment
 l - 5 potions of curing
 o - a potion of heal wounds
 p - 3 potions of lignification
 B - a potion of cancellation
 E - 3 potions of berserk rage
 F - a potion of attraction
 G - 2 potions of ambrosia
 L - 2 potions of mutation
 N - 3 potions of brilliance


   Skills:
 + Level 2.5 Fighting
 + Level 1.2 Staves
 + Level 4.6 Dodging
 - Level 2.8 Stealth
 + Level 17.1 Spellcasting
 + Level 9.6 Conjurations
 + Level 4.3 Hexes
 * Level 10.9 Summonings
 + Level 1.0 Translocations
 - Level 6.7 Fire Magic
 + Level 3.0 Air Magic
 + Level 2.3 Poison Magic
 * Level 7.1 Invocations


You had 19 spell levels left.
You knew the following spells:

 Your Spells              Type           Power      Damage    Failure   Level
a - Foxfire               Conj/Fire      100%       2x1d9     1%          1
b - Scorch                Fire           100%       2d9       1%          2
c - Inner Flame           Hex/Fire       67%        N/A       1%          3
d - Flame Wave            Conj/Fire      77%        2d17      1%          4
e - Call Imp              Summ           100%       N/A       1%          2
f - Mephitic Cloud        Conj/Pois/Air  48%        N/A       1%          3
g - Summon Hydra          Summ           34%        N/A       22%         7
h - Iskenderun's Mystic   Conj/Tloc      50%        2d11      2%          4

Your spell library contained the following spells:

 Spells                   Type           Power      Damage    Failure   Level
 Magic Dart               Conj           100%       1d8       1%          1
 Sting                    Tmut/Pois      100%       1d8       1%          1
 Ensorcelled Hibernation  Hex/Ice        66%        N/A       1%          2
 Poisonous Vapours        Pois/Air       72%        N/A       1%          2
 Dazzling Flash           Conj/Hex       100%       N/A       1%          3
 Tukima's Dance           Hex            44%        N/A       1%          3
 Volatile Blastmotes      Fire/Tloc      100%       2d18      1%          3
 Portal Projectile        Hex/Tloc       72%        N/A       2%          3
 Sublimation of Blood     Necr           22%        N/A       3%          2
 Wereblood                Tmut           22%        N/A       3%          2
 Anguish                  Hex/Necr       16%        N/A       9%          4
 Olgreb's Toxic Radiance  Pois           34%        N/A       9%          4
 Silence                  Hex/Air        20%        N/A       14%         5
 Yara's Violent Unravell  Hex/Tmut       16%        3d8       26%         5
 Agony                    Necr           22%        N/A       52%         5
 Enfeeble                 Hex            22%        N/A       97%         7
 Chain Lightning          Conj/Air       26%        3d35      100%        9
 Fire Storm               Conj/Fire      38%        8d10      100%        9
 Shatter                  Erth           11%        3d12*     100%        9


Dungeon Overview and Level Annotations

Branches:
Dungeon (12/15)            Temple (1/1) D:7            Lair (1/5) D:8
    Orc (2/2) D:12
    Elf: Orc:2

Altars:
Ashenzari
Cheibriados
Dithmenos
Elyvilon
Fedhas
Gozag
Hepliaklqana
Kikubaaqudgha
Makhleb
Nemelex Xobeh
Okawaru
Qazlal
Ru
Sif Muna
Trog
Uskayaw
Vehumet
Wu Jian
Xom
Yredelemnul
Zin
The Shining One

Shops:
D:7 !**=?   Orc:2 *

Annotations:
D:10 1 transporter


Message History

Sif Muna accepts your kill.
An ogre comes into view. It is wielding a +0 giant club.
An orc warrior comes into view. It is wielding a +0 mace.
The ettin closely misses you. The ettin completely misses you.
Your Air Magic skill increases to level 3!
Casting: Iskenderun's Mystic Blast (dangerous; 2% risk of failure)
Confirm with . or Enter, or press ? or * to list all spells.
Okay, then.
Unknown command.
Unknown command.
Okay, then.
Unknown command.
Unknown command.
Unknown command.
Okay, then.
Unknown command.
Unknown command.
Casting: Iskenderun's Mystic Blast (dangerous; 2% risk of failure)
Confirm with . or Enter, or press ? or * to list all spells.
Okay, then.
Unknown command.
Unknown command.
Casting: Iskenderun's Mystic Blast (dangerous; 2% risk of failure)
Confirm with . or Enter, or press ? or * to list all spells.
Okay, then.
Unknown command.
Casting: Iskenderun's Mystic Blast (dangerous; 2% risk of failure)
Confirm with . or Enter, or press ? or * to list all spells.
Okay, then.
Unknown command.
As you read the scroll of fear, it crumbles to dust.
You assume a fearsome visage.
The ettin resists with some effort.
The ogre looks frightened!
The orc warlord easily resists.
The warg resists with almost no effort.
The warg looks frightened! x2
The troll looks frightened!
The orc warrior looks frightened! x3
The orc wizard looks frightened!
The ettin hits you with a +0 dire flail!!
The ettin hits you with a +0 great mace!!!
Ouch! That really hurt!
You die...

##.....o.###. #
.........#. .
#. ...$.....#..
#.#.>$........
............. #
#...........
#...#..).......
#...@)).....
......)Ch......
......#...#....
....h.o.#......
..... .T..... .
.....o.h.......
.... o... .....
..#.....O...#..


You could see an orc warlord, an ettin, a troll (fleeing), 3 wargs, 2 orc
warriors, an ogre (fleeing) and an orc wizard (confused, fleeing).

Vanquished Creatures
  Gastronok (Orc:1)
  Erolcha (D:12)
  Harold (Orc:1)
  A boulder beetle (D:12)
  A two-headed ogre (Orc:1)
  The ghost of blacky4 the Grappler, a novice DrSh of Kikubaaqudgha (D:8)
  A deep elf pyromancer (D:12)
  4 ugly things
  3 orc sorcerers (Orc:2)
  3 cyclopes (D:12)
  Maurice (D:8)
  Jeremiah (D:7)
  A black mamba (Lair:1)
  A cane toad (Lair:1)
  An unseen horror (D:11)
  A rime drake (Lair:1)
  3 trolls
  2 hornets (D:8)
  3 blink frogs (Lair:1)
  Sigmund (D:3)
  9 slime creatures (D:12)
  2 shadows (D:11)
  2 vampires (D:11)
  9 yaks
  2 wyverns
  A basilisk (Lair:1)
  3 wraiths
  7 wargs (Orc:2)
  5 water moccasins
  11 orc warriors
  An ice beast (D:5)
  2 sky beasts
  2 black bears
  5 ogres
  2 wolves (D:8)
  2 phantoms
  A centaur (D:6)
  A kobold brigand (D:8)
  A bullfrog (D:8)
  The ghost of blacky4 the Shooter, an amateur SpHu (D:3)
  2 gnoll sergeants
  5 scorpions
  A water moccasin zombie (D:5)
  4 wights (D:9)
  36 killer bees
  7 howler monkeys
  2 electric eels (D:8)
  2 centaur zombies (D:5)
  2 jellies
  8 orc priests
  A sleepcap (D:8)
  A centaur skeleton (D:5)
  3 gnoll boudas
  9 hounds
  5 iguanas (D:5)
  Ijyb (D:3)
  26 orc wizards
  19 gnolls
  6 adders
  A shadow imp (D:5)
  A white imp (D:5)
  2 ufetubi (D:5)
  5 worms
  The ghost of Opifex the Sneak, a weakling DsDe (D:5)
  5 dart slugs
  43 orcs
  7 ball pythons
  10 bats
  3 endoplasms (D:1)
  4 giant cockroaches
  9 hobgoblins
  8 quokkas
  4 frilled lizards
  7 goblins
  11 kobolds
  8 rats
370 creatures vanquished.

Vanquished Creatures (collateral kills)
  A killer bee (D:9)
1 creature vanquished.

Vanquished Creatures (others)
  An orc wizard (Orc:2)
  1011 foxfires
1012 creatures vanquished.

Grand Total: 1383 creatures vanquished

Notes
Turn   | Place    | Note
-------+----------+-------------------------------------------
     0 | D:1      | Conn the Deep Elf Fire Elementalist began the quest for the
                  | Orb.
     0 | D:1      | Reached XP level 1. HP: 10/10 MP: 6/6
   247 | D:1      | Reached XP level 2. HP: 15/15 MP: 4/8
   253 | D:1      | Learned a level 2 spell: Scorch
  1208 | D:2      | Reached XP level 3. HP: 19/19 MP: 4/9
  1212 | D:2      | Learned a level 3 spell: Inner Flame
  1888 | D:2      | Found a faded altar of an unknown god.
  2494 | D:3      | Reached XP level 4. HP: 23/24 MP: 5/11
  2699 | D:3      | Reached skill level 4 in Spellcasting
  2840 | D:3      | Noticed Sigmund
  2867 | D:3      | Learned a level 4 spell: Flame Wave
  2870 | D:3      | Learned a level 2 spell: Call Imp
  3036 | D:4      | Reached skill level 5 in Fire Magic
  3036 | D:4      | Reached XP level 5. HP: 28/28 MP: 7/14
  3177 | D:4      | Reached skill level 5 in Spellcasting
  3306 | D:4      | Noticed an ogre
  3310 | D:4      | Killed an ogre
  3311 | D:4      | Reached XP level 6. HP: 32/32 MP: 6/16
  3441 | D:4      | Found a shimmering altar of Xom.
  3567 | D:4      | Identified a scroll of acquirement
  3568 | D:4      | Acquired a staff of fire
  3864 | D:4      | Learned a level 3 spell: Mephitic Cloud
  3948 | D:3      | Found a runed translucent door.
  3949 | D:3      | Noticed blacky4's ghost (amateur SpHu)
  3954 | D:3      | Killed blacky4's ghost
  3955 | D:3      | Reached skill level 6 in Spellcasting
  3965 | D:3      | Found a runed translucent door.
  4142 | D:3      | Noticed Ijyb
  4146 | D:3      | Killed Ijyb
  4147 | D:3      | Reached skill level 1 in Summonings
  4295 | D:3      | Killed Sigmund
  4296 | D:3      | Reached skill level 1 in Air Magic
  4296 | D:3      | Reached XP level 7. HP: 25/36 MP: 0/19
  4672 | D:5      | Entered Level 5 of the Dungeon
  4683 | D:5      | Reached skill level 7 in Spellcasting
  4996 | D:5      | Reached skill level 8 in Spellcasting
  5288 | D:5      | Found a transporter.
  5292 | D:5      | Noticed Opifex's ghost (weakling DsDe)
  5303 | D:5      | Found a transporter.
  5546 | D:5      | Reached XP level 8. HP: 41/41 MP: 22/22
  5899 | D:5      | Learned a level 7 spell: Summon Hydra
  5955 | D:5      | Killed Opifex's ghost
  5997 | D:5      | Acquired 921 gold pieces
  6306 | D:6      | Reached skill level 1 in Hexes
  6306 | D:6      | Reached skill level 5 in Summonings
  6361 | D:6      | Reached skill level 1 in Fighting
  6365 | D:6      | Reached XP level 9. HP: 43/47 MP: 12/23
  6376 | D:6      | Reached skill level 5 in Conjurations
  7159 | D:7      | Noticed a +0 dagger
  7161 | D:7      | Noticed a +0 dagger
  7163 | D:7      | Found a hide-covered altar of Uskayaw.
  7304 | D:7      | Found Viadaex's General Store.
  7317 | D:7      | Found Qoen's Assorted Antiques.
  7329 | D:7      | Found Jaqala's Magic Scroll Emporium.
  7353 | D:7      | Noticed Jeremiah
  7360 | D:7      | Killed Jeremiah
  7361 | D:7      | Reached skill level 9 in Spellcasting
  7626 | D:7      | Found Gaaffus's Jewellery Emporium.
  7812 | D:7      | Found Fisovuo's Distillery.
  7821 | D:7      | Bought a potion of heal wounds for 70 gold pieces
  7821 | D:7      | Bought a potion of curing for 42 gold pieces
  7849 | D:7      | Found a staircase to the Ecumenical Temple.
  7862 | Temple   | Entered the Ecumenical Temple
  7898 | Temple   | Became a worshipper of Sif Muna the Loreminder
  8324 | D:8      | Reached skill level 10 in Spellcasting
  8324 | D:8      | Reached XP level 10. HP: 53/53 MP: 17/26
  8424 | D:8      | Noticed Maurice
  8451 | D:8      | Killed Maurice
  8452 | D:8      | Reached skill level 1 in Poison Magic
  8727 | D:8      | Found a staircase to the Lair.
  8881 | D:8      | Reached skill level 11 in Spellcasting
  8898 | D:8      | Reached * piety under Sif Muna
  9071 | D:8      | Found a runed translucent door.
  9071 | D:8      | Noticed blacky4's ghost (novice DrSh)
  9156 | D:8      | Found a white marble altar of Elyvilon.
  9156 | D:8      | Found a glowing silver altar of Zin.
  9222 | D:8      | Reached skill level 1 in Invocations
  9416 | D:8      | Identified the +0 robe of the Black Moon {Str+3}
  9916 | D:8      | Killed blacky4's ghost
 10017 | Lair:1   | Entered Level 1 of the Lair of Beasts
 10034 | Lair:1   | Noticed a cane toad
 10041 | Lair:1   | Killed a cane toad
 10041 | Lair:1   | Noticed a black mamba
 10042 | Lair:1   | Reached skill level 12 in Spellcasting
 10047 | Lair:1   | HP: 3/81 [rime drake/icy flash freeze (3)]
 10050 | Lair:1   | Killed a black mamba
 10055 | Lair:1   | Noticed a death yak
 10059 | Lair:1   | Noticed a torpor snail
 10061 | Lair:1   | Noticed a death yak
 10075 | D:8      | Reached XP level 11. HP: 19/58 MP: 9/29
 10248 | D:7      | Bought a scroll of blinking for 195 gold pieces
 10248 | D:7      | Bought a scroll of blinking for 195 gold pieces
 10366 | D:9      | Found a sacrificial altar of Ru.
 10710 | D:9      | Found a burning altar of Makhleb.
 10710 | D:9      | Noticed a blizzard demon
 11112 | D:10     | Entered Level 10 of the Dungeon
 11112 | D:10     | Found a hazy altar of Hepliaklqana.
 11277 | D:10     | Found a broken altar of Ashenzari.
 11346 | D:10     | Reached skill level 13 in Spellcasting
 11435 | D:10     | Identified the +3 falchion of Nuamaoha {freeze, rF- Str+4}
 11503 | D:10     | Found a transporter.
 12051 | D:11     | Learned a level 4 spell: Iskenderun's Mystic Blast
 12121 | D:11     | Reached ** piety under Sif Muna
 12577 | D:11     | Noticed a cyan ugly thing
 12588 | D:11     | Killed a cyan ugly thing
 12773 | D:12     | Noticed a brown ugly thing
 12784 | D:12     | Killed a brown ugly thing
 12904 | D:12     | Reached skill level 5 in Invocations
 12910 | D:12     | Reached skill level 14 in Spellcasting
 13152 | D:12     | Noticed Erolcha
 13165 | D:12     | Noticed a deep elf pyromancer
 13171 | D:12     | Killed Erolcha
 13177 | D:12     | Killed a deep elf pyromancer
 13178 | D:12     | Reached skill level 10 in Summonings
 13369 | D:12     | Reached *** piety under Sif Muna
 13514 | D:12     | Reached skill level 15 in Spellcasting
 13514 | D:12     | Reached XP level 12. HP: 64/64 MP: 15/33
 13754 | D:12     | Noticed a boulder beetle
 14052 | D:12     | Found a staircase to the Orcish Mines.
 14193 | D:12     | Identified the +1 shortbow "Jellyslayer" {flame, rN++
                  | Str-2}
 14210 | D:12     | Noticed a two-headed ogre
 14210 | D:12     | Noticed a centaur warrior
 14210 | D:12     | Noticed a centaur warrior
 14213 | D:12     | Noticed a centaur warrior
 14213 | D:12     | Noticed a centaur warrior
 14214 | D:12     | Noticed a two-headed ogre
 14688 | D:12     | Killed a boulder beetle
 14836 | Orc:1    | Entered Level 1 of the Orcish Mines
 14842 | Orc:1    | Noticed Gastronok
 14962 | Orc:1    | Killed Gastronok
 14963 | Orc:1    | Reached skill level 16 in Spellcasting
 15115 | Orc:2    | Entered Level 2 of the Orcish Mines
 15147 | Orc:2    | Reached skill level 1 in Translocations
 15280 | Orc:2    | Found Wuyrouru's General Store.
 15497 | Orc:2    | Reached **** piety under Sif Muna
 15850 | Orc:2    | Reached skill level 1 in Staves
 16297 | Orc:1    | Noticed Harold
 16297 | Orc:1    | Noticed a two-headed ogre
 16302 | Orc:1    | Noticed an ettin
 16307 | Orc:1    | Noticed an orc warlord
 16308 | Orc:1    | Killed a two-headed ogre
 16309 | Orc:1    | Reached skill level 17 in Spellcasting
 16309 | Orc:1    | Killed Harold
 16310 | Orc:1    | Slain by an ettin

Illustrated notes

Levels and vault maps discovered:
D:1:      psy_arrival_spokes, layout_basic, solitary_fountain,
          minmay_misc_feat_four_crosses, minmay_misc_feat_more_columns,
          minivault_25, nrook_campfire, st_stairs_1
D:2:      layout_basic, chequers_ecumenical_altar_simple, minmay_misc_feat_rows
D:3:      layout_basic, ebering_ghost_sewer_f, minmay_circle_x, uniq_sigmund,
          uniq_ijyb
D:4:      layout_cave_pools, tgw_xom
D:5:      minmay_bubble_buster, layout_layer_cave, gammafunk_ghost_mausoleum,
          minmay_increasing_density
D:6:      layout_loops_ring
D:7:      layout_gridville, dancing_weapons_uskayaw,
          minmay_temple_entry_gardened_gates, serial_shops,
          nicolae_shop_gaudy_bauble, shop, shop, shop, shop, uniq_jeremiah
D:8:      layout_basic, mainiacjoe_overflow_divided_tiny, erik_lair_island,
          gammafunk_ghost_grave, kennysheep_big_empty_room, due_unseen_surprise,
          uniq_maurice
D:9:      layout_gridville, mainiacjoe_overflow_cross_hatched,
          makhleb_altar_promises_db
D:10:     layout_cave_pods, ashenzari_altar_1, overflow_temple_1_default,
          grunt_decor_junction, amcnicky_mini_rare_corridor_liquid,
          nicolae_diode_basic
D:11:     layout_cave_pools, minivault_23
D:12:     wad_woods_minihive, layout_basic, orc_0_dummy, uniq_erolcha
Temple:   nicolae_temple_bog_church
Lair:1:   layout_regular_city, portal_ice_cave_entry_pillars_2,
          grunt_megastairs_4, serial_bayou_shore_a
Orc:1:    layout_caves, uniq_harold, uniq_gastronok
Orc:2:    st_orc_town, layout_caves, serial_shops, shop, basic_altar,
          nicolae_orc_lava_room

Skill      XL: |  1  2  3  4  5  6  7  8  9 10 11 12 |
---------------+-------------------------------------+-----
Fire Magic     | 4 5 6 |  6.7
Conjurations   | 2 3 4 6 7 8 9 |  9.6
Spellcasting   | 4 5 6 8 10 12 15 17 | 17.1
Summonings     | 1 2 5 7 9 10 | 10.9
Air Magic      | 1 2 3 |  3.0
Dodging        | 3 4 |  4.6
Hexes          | 1 3 4 |  4.3
Fighting       | 1 2 |  2.5
Poison Magic   | 1 2 |  2.3
Invocations    | 3 5 7 |  7.1
Translocations | 1 |  1.0
Staves         | 1 |  1.2
Stealth        | |  2.8

Action                     |  1- 3 |  4- 6 |  7- 9 | 10-12 || total
---------------------------+-------+-------+-------+-------++-------
  Melee: Dagger            |     9 |       |       |       ||     9
         Staff             |       |     6 |    13 |    37 ||    56
         Mace              |       |     6 |       |       ||     6
   Cast: Foxfire           |    98 |    79 |    93 |   324 ||   594
         Scorch            |     5 |    23 |    58 |   180 ||   266
         Inner Flame       |       |     3 |     5 |    14 ||    22
         Mephitic Cloud    |       |     2 |     3 |    22 ||    27
         Call Imp          |       |     1 |       |     3 ||     4
         Flame Wave        |       |       |    15 |    41 ||    56
         Iskenderun's Myst |       |       |       |     8 ||     8
         Summon Hydra      |       |       |       |     1 ||     1
 Invoke: Channel Magic     |       |       |       |     2 ||     2
  Evoke: Wand              |       |       |       |     2 ||     2
    Use: Potion            |       |     1 |     7 |     4 ||    12
         Scroll            |       |     7 |     7 |    12 ||    26
 Armour: Robe              |     4 |     3 |     9 |    33 ||    49
         Skin              |       |       |       |     6 ||     6
  Dodge: Dodged            |    15 |     9 |    38 |    98 ||   160

Table legend: (Time is in decaauts)
 A = Elapsed time spent in this place.
 B = Non-inter-level travel time spent in this place.
 C = Inter-level travel time spent in this place.
 D = Time resting spent in this place.
 E = Time spent auto-exploring this place.
 F = Levels seen in this place.
 G = Mean time per level.
                   A        B        C        D        E       F      G
               +--------+--------+--------+--------+--------+-----+--------+
         Total |  16410 |  16145 |    265 |   1704 |  10612 |  16 | 1025.6 |
       Dungeon |  14885 |  14620 |    265 |   1632 |   9782 |  12 | 1240.4 |
        Temple |     50 |     50 |      0 |      0 |      0 |   1 |   50.0 |
          Lair |     45 |     45 |      0 |      2 |      0 |   1 |   45.0 |
  Orcish Mines |   1429 |   1429 |      0 |     70 |    829 |   2 |  714.5 |
               +--------+--------+--------+--------+--------+-----+--------+

Top non-repeatable levels by time:
    D:12: 1833 daAuts
     D:8: 1746 daAuts
     D:5: 1744 daAuts
     D:7: 1306 daAuts
     D:2: 1275 daAuts
     D:3: 1242 daAuts
     D:1: 1188 daAuts
    D:11: 1078 daAuts
     D:4: 1014 daAuts
    D:10: 913 daAuts
   Orc:2: 906 daAuts
     D:9: 825 daAuts
     D:6: 715 daAuts
   Orc:1: 523 daAuts
  Temple: 50 daAuts
